 Dungeon Crawl Stone Soup version 0.20-a0-454-g2b43fbb (webtiles) character file.

5633 recordrepeat the Cleaver (level 10, 0/96 HPs)
             Began as a Hill Orc Fighter on Jan 9, 2017.
             Was a Priest of Beogh.
             Slain by Snorg (7 damage)
             ... on level 10 of the Dungeon.
             The game lasted 00:30:39 (11374 turns).

recordrepeat the Cleaver (Hill Orc Fighter)        Turns: 11374, Time: 00:30:40

Health: 0/96       AC: 14    Str: 22    XL:     10   Next: 74%
Magic:  10/10      EV:  7    Int:  8    God:    Beogh [***...]
Gold:   582        SH: 11    Dex: 11    Spells: 9/9 levels left

rFire  . . .     SeeInvis +     b - +3 scimitar
rCold  x . .     Gourm    .     c - +6 chain mail of Duneha {+Inv rC- SInv Stlth-}
rNeg   . . .     Faith    +     Q - +0 shield (curse)
rPois  .         Spirit   .     (no helmet)
rElec  .         Reflect  .     (no cloak)
rCorr  .         Harm     .     w - +0 pair of gloves
MR     .....     Rnd*Rage +     (no boots)
Stlth  ..........               C - amulet of faith
                                (no ring)
                                y - ring of wizardry

@: no status effects
A: hooves 1, berserk 1, deformed body, robust 1, wild magic 1
a: Smiting, Renounce Religion, Evoke Invisibility


You were on level 10 of the Dungeon.
You worshipped Beogh.
Beogh was most pleased with you.
You were not hungry.

You visited 1 branch of the dungeon, and saw 10 of its levels.

You collected 582 gold pieces.

Inventory:

Hand Weapons
 a - a +0 war axe
 b - a +3 scimitar (weapon)
Armour
 c - the +6 chain mail of Duneha (worn) {+Inv rC- SInv Stlth-}
   (You found it on level 9 of the Dungeon)

   It makes you vulnerable to cold.
   It lets you see invisible.
   It lets you turn invisible.
   It makes you less stealthy.
 w - a +0 pair of gloves (worn)
 J - the +0 leather armour "Pugoblui" {rC- Int+5 Slay+2}
   (You found it on level 6 of the Dungeon)

   It affects your intelligence (+5).
   It affects your accuracy and damage with ranged weapons and melee attacks
   (+2).
   It makes you vulnerable to cold.
 Q - a cursed +0 shield (worn)
Jewellery
 y - a ring of wizardry (left hand)
 A - an uncursed amulet of rage
 C - an amulet of faith (around neck)
 M - an uncursed amulet of guardian spirit {unknown}
Wands
 d - a wand of flame (9/48)
 s - a wand of polymorph (10/24)
 u - a wand of acid (2/15)
 H - a wand of flame (24/48)
 I - a wand of random effects (27/48)
Scrolls
 e - 3 scrolls of fear
 g - 5 scrolls of teleportation
 i - 2 scrolls of blinking
 j - 2 scrolls of remove curse
 k - 4 scrolls of enchant armour {unknown}
 r - 2 scrolls of enchant weapon {unknown}
 z - 2 scrolls of amnesia {unknown}
 B - 2 scrolls of immolation {unknown}
 D - 2 scrolls of magic mapping {unknown}
 K - 2 scrolls of recharging {unknown}
 N - a scroll of fog {unknown}
Potions
 l - a potion of might
 m - a potion of magic
 o - a potion of invisibility
 q - a potion of ambrosia
 t - 2 potions of brilliance
 x - a potion of agility
 L - a potion of curing
Books
 v - a book of Cantrips

   Spells                             Type                      Level
   a - Confusing Touch                Hexes                        1
   b - Animate Skeleton               Necromancy                   1
   c - Summon Small Mammal            Summoning                    1
   d - Apportation                    Translocation                1
 E - a book of Changes

   Spells                             Type                      Level
   a - Beastly Appendage              Transmutation                1
   b - Sticks to Snakes               Transmutation                2
   c - Spider Form                    Transmutation/Poison         3
   d - Ice Form                       Ice/Transmutation            4
   e - Blade Hands                    Transmutation                5
 G - a book of Necromancy

   Spells                             Type                      Level
   a - Pain                           Necromancy                   1
   b - Animate Skeleton               Necromancy                   1
   c - Vampiric Draining              Necromancy                   3
   d - Regeneration                   Charms/Necromancy            3
   e - Animate Dead                   Necromancy                   4
   f - Control Undead                 Necromancy                   4
 O - a book of Flames

   Spells                             Type                      Level
   a - Flame Tongue                   Conjuration/Fire             1
   b - Throw Flame                    Conjuration/Fire             2
   c - Conjure Flame                  Conjuration/Fire             3
   d - Inner Flame                    Hexes/Fire                   3
   e - Sticky Flame                   Conjuration/Fire             4
   f - Fireball                       Conjuration/Fire             5
 P - a book of Air

   Spells                             Type                      Level
   a - Shock                          Conjuration/Air              1
   b - Swiftness                      Charms/Air                   2
   c - Repel Missiles                 Charms/Air                   2
   d - Static Discharge               Conjuration/Air              3
   e - Lightning Bolt                 Conjuration/Air              5
Comestibles
 f - 11 bread rations
 h - 8 fruits
 n - 4 beef jerkies
 p - 2 meat rations
 F - a royal jelly


   Skills:
 + Level 8.2 Fighting
 + Level 8.7 Long Blades
 + Level 9.3 Axes
 + Level 7.6 Armour
 + Level 2.5 Dodging
 + Level 0.8 Stealth
 + Level 8.0 Shields
 + Level 1.3 Evocations


You had 9 spell levels left.
You didn't know any spells.

Dungeon Overview and Level Annotations

Branches:
Dungeon (10/15)            Temple (0/1) D:6             Orc (0/2) D:9
   Lair: D:8-11

Altars:
Ashenzari
Cheibriados
Dithmenos
Elyvilon
Kikubaaqudgha
Makhleb
Okawaru
Qazlal
Ru
Trog
Uskayaw
Zin
The Shining One

Shops:
D:10 [

Annotations:
D:10 Snorg


Innate Abilities, Weirdness & Mutations

You have large cloven feet.
You tend to lose your temper in combat.
Armour fits poorly on your strangely shaped body.
You are robust. (+10% HP)
Your spells are a little harder to cast, but a little more powerful.


Message History

Snorg is heavily wounded.
Snorg bites you but does no damage. Snorg claws you! You block Snorg's attack.
Your orc hits Snorg with a flail!
Your orc priest casts a cantrip, but nothing happens.
Your orc hits Snorg with a flail. Snorg closely misses you. Snorg claws you.
You block Snorg's attack.
You closely miss Snorg.
Snorg is severely wounded.
Snorg bites you! You block Snorg's attack. Snorg barely misses you.
Your orc barely misses Snorg.
Your orc hits Snorg with a flail. Snorg bites you!!
* * * LOW HITPOINT WARNING * * *
You block Snorg's attack. Snorg closely misses you.
You feel better. Snorg bites you!!
* * * LOW HITPOINT WARNING * * *
Snorg claws you but does no damage. x2; Your orc hits Snorg with a flail.
You feel better. Snorg bites you!
* * * LOW HITPOINT WARNING * * *
Snorg claws you!
You die...

##############.#
.......o<.......
######.........
######∩.########
### ###......##
(...##.....####
......oo....##
......T@o....#
.......o.$...#
.............#
.............#
.............#
.............#
............##
....##..[?.##


You could see Snorg (berserk), a friendly orc priest and 3 friendly orcs.

Vanquished Creatures
  A two-headed ogre (D:9)
  A deep elf mage (D:6)
  2 gargoyles (D:9)
  The ghost of ZappyNine the Bolt Thrower, an amateur DDHu (D:4)
  A hippogriff (D:8)
  A spriggan (D:7)
  Edmund (D:4)
  2 orc warriors
  2 ice beasts (D:9)
  A black bear (D:8)
  2 phantoms
  6 ogres
  3 centaurs
  5 bullfrogs
  4 wights (D:6)
  An electric eel (D:7)
  6 howler monkeys
  3 crimson imps
  A bullfrog zombie (D:8)
  4 hounds
  A jelly (D:7)
  2 centaur skeletons
  5 orc priests
  2 iguanas
  4 orc wizards
  5 worker ants
  A killer bee zombie (D:7)
  A hound zombie (D:8)
  2 worker ant zombies
  17 gnolls
  8 adders
  2 howler monkey skeletons
  A howler monkey zombie (D:7)
  3 shadow imps
  An ooze (D:2)
  5 worms
  2 dart slugs
  2 leopard geckos
  17 orcs
  5 giant cockroaches
  10 goblins
  8 hobgoblins
  10 jackals
  8 kobolds
  6 quokkas
  6 bats
  6 frilled lizards
  3 leopard gecko skeletons
  5 rats
196 creatures vanquished.

Vanquished Creatures (collateral kills)
  An orc warrior (D:9)
  A scorpion (D:9)
2 creatures vanquished.

Vanquished Creatures (others)
  An orc wizard (D:9)
  An orc priest (D:5)
  4 orcs
6 creatures vanquished.

Grand Total: 204 creatures vanquished

Notes
Turn   | Place    | Note
-------+----------+-------------------------------------------
     0 | D:1      | recordrepeat the Hill Orc Fighter began the quest for the Orb.
     0 | D:1      | Reached XP level 1. HP: 19/19 MP: 1/1
   108 | D:1      | Reached XP level 2. HP: 27/27 MP: 2/2
   324 | D:1      | Reached skill level 3 in Axes
   860 | D:2      | Reached XP level 3. HP: 33/33 MP: 3/3
  1191 | D:2      | Reached XP level 4. HP: 33/40 MP: 4/4
  1234 | D:2      | Found a burning altar of Makhleb.
  2111 | D:3      | Reached skill level 4 in Axes
  2111 | D:3      | Reached XP level 5. HP: 45/47 MP: 5/5
  2129 | D:3      | Found a faded altar of an unknown god.
  2884 | D:4      | Noticed ZappyNine's ghost (amateur DDHu)
  2906 | D:4      | Killed ZappyNine's ghost
  2906 | D:4      | Reached skill level 5 in Axes
  2906 | D:4      | Reached skill level 1 in Dodging
  2906 | D:4      | Reached XP level 6. HP: 12/55 MP: 6/6
  3368 | D:4      | Reached skill level 6 in Axes
  3372 | D:4      | Reached skill level 5 in Fighting
  3372 | D:4      | Reached XP level 7. HP: 56/61 MP: 7/7
  3416 | D:4      | Noticed Edmund
  3655 | D:4      | Killed Edmund
  3655 | D:4      | Reached skill level 5 in Shields
  3831 | D:4      | Reached skill level 7 in Axes
  3917 | D:4      | Reached skill level 5 in Armour
  4244 | D:4      | Reached skill level 1 in Evocations
  4245 | D:4      | HP: 4/91 [poisoned by a worker ant]
  4251 | D:4      | HP: 3/61 [poisoned by a worker ant]
  4257 | D:4      | HP: 1/61 [poisoned by a worker ant]
  4263 | D:4      | HP: 1/61 [poisoned by a worker ant]
  4567 | D:4      | Found a stormy altar of Qazlal.
  4568 | D:4      | Found a sacrificial altar of Ru.
  4788 | D:4      | Reached XP level 8. HP: 55/69 MP: 8/8
  4992 | D:5      | Entered Level 5 of the Dungeon
  5108 | D:5      | Found a hide-covered altar of Uskayaw.
  5125 | D:5      | Became a worshipper of Beogh the Brigand
  5216 | D:5      | Reached skill level 8 in Axes
  5925 | D:5      | Reached * piety under Beogh
  6122 | D:5      | Found an ancient bone altar of Kikubaaqudgha.
  6465 | D:6      | Found an iron altar of Okawaru.
  6486 | D:6      | Found a shattered altar of Ashenzari.
  6554 | D:6      | Got an ancient leather armour
  6565 | D:6      | Identified the cursed +0 leather armour "Pugoblui" {rC- Int+5 Slay+2} (You found it on level 6 of the Dungeon)
  6787 | D:6      | Noticed a deep elf mage
  6793 | D:6      | Killed a deep elf mage
  6793 | D:6      | Reached skill level 9 in Axes
  6793 | D:6      | Reached XP level 9. HP: 49/78 MP: 9/9
  7040 | D:6      | Found a staircase to the Ecumenical Temple.
  7298 | D:6      | Found a bloodstained altar of Trog.
  7427 | D:7      | Found a white marble altar of Elyvilon.
  8025 | D:7      | Found a white marble altar of Elyvilon.
  8025 | D:7      | Found a glowing silver altar of Zin.
  8026 | D:7      | Found a glowing golden altar of the Shining One.
  8179 | D:7      | Reached ** piety under Beogh
  8179 | D:7      | Reached skill level 5 in Long Blades
  8189 | D:7      | Gained mutation: Armour fits poorly on your strangely shaped body. [potion of mutation]
  8189 | D:7      | Gained mutation: You tend to lose your temper in combat. [potion of mutation]
  8189 | D:7      | Gained mutation: You are robust. (+10% HP) [potion of mutation]
  8190 | D:7      | Gained mutation: You have large cloven feet. [potion of mutation]
  8190 | D:7      | Gained mutation: Your spells are a little harder to cast, but a little more powerful. [potion of mutation]
  8838 | D:8      | Found a shadowy altar of Dithmenos.
  9215 | D:8      | Reached XP level 10. HP: 94/94 MP: 10/10
  9247 | D:8      | Found a snail-covered altar of Cheibriados.
  9884 | D:9      | Got an encrusted chain mail
  9895 | D:9      | Identified the +6 chain mail of Duneha {+Inv rC- SInv Stlth-} (You found it on level 9 of the Dungeon)
  9936 | D:9      | Noticed a gargoyle
  9956 | D:9      | Killed a gargoyle
  9960 | D:9      | Found a staircase to the Orcish Mines.
 10021 | D:9      | Reached *** piety under Beogh
 10023 | D:9      | HP: 3/96 [orc priest/divine providence (11)]
 10539 | D:9      | Noticed a two-headed ogre
 10652 | D:9      | Killed a two-headed ogre
 10654 | D:9      | Noticed a gargoyle
 10667 | D:9      | Killed a gargoyle
 11356 | D:10     | Entered Level 10 of the Dungeon
 11356 | D:10     | Found Xerraus's Armour Boutique.
 11361 | D:10     | Noticed Snorg
 11374 | D:10     | Slain by Snorg

Vault maps used:
D:1:      dpeg_arrival_chambers_temple_mockup, minmay_door_square,
          minmay_box_of_dots
D:2:      lemuel_round_altar, first_bread, solitary_fountain
D:3:      chequers_ecumenical_altar_simple_redux
D:4:      minitemple, uniq_edmund
D:5:      eat_drink_and_be_merry_uskayaw, lemuel_round_altar,
          minmay_misc_feat_room, minmay_holes
D:6:      nicolae_overflow_hidden_temple, lightli_temple_of_fire,
          okawaru_gym_becter, serial_glass, glass_columns_a, glass_columns_c,
          glass_columns_b, glass_columns_a, guppyfry_early_elven_hall
D:7:      good_gods_temple_1, minivault_14, the_bakery, elyvilon_altar_5
D:8:      cheibriados_altar_1, nicolae_dithmenos_shadow_blocks
D:9:      david_orc_3, serial_glass, glass_columns_a, glass_columns_a,
          glass_columns_b, kennysheep_dice
D:10:     serial_shops, shop, uniq_josephine, uniq_psyche, uniq_snorg

Skill      XL: |  1  2  3  4  5  6  7  8  9 10 |
---------------+-------------------------------+-----
Axes           | 3 4 5 6 7 9 |  9.3
Fighting       | 4 5 6 7 8 |  8.2
Shields        | 4 5 6 7 8 |  8.0
Armour         | 4 5 7 |  7.6
Dodging        | 1 2 |  2.5
Evocations     | 1 |  1.3
Long Blades    | 2 6 8 |  8.7
Stealth        | |  0.8

Action                   |  1- 3 |  4- 6 |  7- 9 | 10-12 || total
-------------------------+-------+-------+-------+-------++-------
Melee: War axe           |    86 |   152 |   238 |       ||   476
       Scimitar          |       |       |   237 |   138 ||   375
       Kick              |       |       |    39 |    60 ||    99
Invok: Convert to Beogh  |       |       |     1 |       ||     1
 Abil: Evoke Berserk Rag |       |     1 |     1 |       ||     2
  Use: Potion            |       |     3 |     3 |     5 ||    11
       Scroll            |       |       |    12 |       ||    12
  Eat: Chunk             |     1 |     8 |    13 |       ||    22
       Pizza             |       |       |     1 |     1 ||     2
       Fruit             |       |       |     2 |       ||     2
       Meat ration       |       |       |     1 |     1 ||     2
Armor: Scale mail        |    53 |    60 |    53 |       ||   166
       Chain mail        |       |       |   104 |    49 ||   153
Dodge: Dodged            |    33 |    50 |   102 |    38 ||   223
Block: Shield            |    45 |    84 |   235 |    77 ||   441
       Rpst.: Scimitar   |       |       |    15 |     5 ||    20
